AoeStats
← Dafixios

Migration

508112732Analyzed
1v1 RM · 12d ago on Sep 20, 2026· 35m 55s· 2 players
Game mode
Random Map
Map size
132×132
Population
200
Speed
Normal
Resources
Standard
Victory
Conquest
Starting age
Dark Age
Ending age
Imperial Age
RankedLock teamsTeams togetherTeam positionsShared explorationLock speedFull tech treeHidden civsTurbo modeCheats
Victory
Defeat
🇺🇸 Koreans · United States
1233
+16
🇲🇽 Vikings · Mexico
1227
-16
Dafixios
6:22 Loom
9:14 Feudal Age
10:43 Double-Bit Axe
18:35 Castle Age
18:18 Fletching
19:18 Town Watch
21:48 Fishing Lines
23:04 Bodkin Arrow
24:34 Town Patrol
GrandNedgus
4:46 Loom
10:27 Feudal Age
11:02 Fishing Lines
11:13 Double-Bit Axe
13:43 Gold Mining
13:50 Fletching
20:20 Castle Age
19:12 Stone Mining
21:27 Medium Warships
21:37 Bow Saw
24:01 Gillnets
30:28 Wheelbarrow
31:33 Bodkin Arrow
32:44 Hand Cart
35:46 Imperial Age
33:34 Hand Cart
Connection lost

Rejoining the realm…

Still unreachable

The connection could not be restored.

Session expired

The server has moved on; the page needs a fresh start.